Map: Efflorescence LE

Players

OpuS

  • Race: Protoss Protoss
  • League: Platinum
  • Spawn Location: 3:00

Sketchaphone

  • Race: Zerg Zerg
  • League: Platinum
  • Spawn Location: 12:00

Ballsavage

  • Race: Terran Terran
  • Spawn Location: 6:00

LarryBirdJr

  • Race: Zerg Zerg
  • League: Diamond
  • Spawn Location: 9:00

VOD

Have the link to the VOD?

Description

Time

  • Played on: Feb. 12, 2019, 6:17 p.m.
  • Length: 14:37
Show
View Real Time Build Order
Export as new Build Order

OpuS Protoss 

Build Orders:  

Get SALT Encoding   

  12  0:01  Probe  
  13  0:17  Pylon  
  13  0:22  Probe  
  14  0:32  Probe  
  15  0:39  Gateway  
  15  0:40  Probe  
  16  0:55  Probe  
  16  0:56  Assimilator  
  17  1:07  Probe  
  18  1:19  Probe  
  19  1:27  Cybernetics Core  
  19  1:35  Zealot  
  19  1:36  Probe  
  19  1:39  Pylon  
  21  1:44  Probe  
  22  1:53  Warp Gate  
  23  1:55  Probe  
  24  2:07  Probe  
  25  2:14  Nexus  
  25  2:20  Pylon  
  25  2:23  Probe  
  25  2:31  Assimilator  
  25  2:35  Adept  
  27  2:47  Gateway  
  27  2:54  Gateway  
  27  3:00  Pylon  
  27  3:17  Probe  
  27  3:19  Stalker  
  30  3:31  Robotics Facility  
  30  3:33  Twilight Council  
  30  3:35  Probe  
  30  3:38  Probe  
  32  3:52  Gateway  
  32  3:58  Sentry x2  
  36  4:03  Stalker  
  38  4:12  Charge  
  38  4:20  Probe x2  
  40  4:32  Probe x2  
  42  4:39  Zealot  
  42  4:40  Zealot x2  
  48  4:52  Zealot  
  50  5:00  Probe x2  
  50  5:01  Zealot x3  
  58  5:12  Probe x2  
  54  5:43  Stalker  
  54  5:44  Stalker x3  
  62  5:54  Blink  
  62  6:07  Pylon  
  62  6:09  Pylon  
  62  6:11  Pylon  
  62  6:24  Pylon  
  62  6:25  Probe x2, Immortal  
  68  6:27  Pylon  
  68  6:37  Probe x2  
  68  6:49  Probe  
  59  7:07  Stalker x4  
  61  7:11  Immortal  
  61  7:13  Probe x2  
  61  7:15  Assimilator  
  57  7:19  Assimilator  
  57  7:20  Gateway  
  55  7:23  Gateway  
  55  7:25  Probe, Gateway  
  55  7:26  Gateway  
  56  7:36  Zealot x3  
  62  7:37  Zealot  
  64  7:55  Templar Archives  
  64  7:57  Probe x2  
  66  8:09  Probe x2  
  66  8:21  Probe  
  66  8:27  Zealot, Robotics Bay  
  59  8:28  Zealot x6  
  59  8:29  Zealot  
  65  8:48  Psionic Storm  
  47  8:57  Zealot x3  
  47  8:58  Zealot x5  
  63  9:07  Colossus  
  69  9:24  High Templar x3  
  69  9:26  High Templar  
  77  9:36  Stalker  
  77  9:37  Stalker  
  81  9:40  Pylon  
  81  9:58  High Templar  
  81  9:59  Zealot x3  
  89  10:00  Zealot  
  89  10:01  Colossus  
  97  10:14  Stalker  
  57  10:36  Zealot x4  
  57  10:37  Zealot  
  61  10:49  Stalker x2  
  57  10:50  Stalker  
  55  11:02  Stalker x2  
  59  11:05  Stalker  
  49  11:20  Stalker x3  
  51  11:31  Stargate  
  51  11:36  Stalker x2  
  55  11:41  Colossus  
  55  11:48  Stalker  
  63  12:15  Stalker x4  
  51  12:33  Zealot x3  
  51  12:34  Zealot  
Show
View Real Time Build Order
Export as new Build Order

Sketchaphone Zerg 

Build Orders: Hatch First 

Get SALT Encoding   

  12  0:02  Drone  
  13  0:13  Overlord  
  13  0:20  Drone  
  14  0:23  Extractor  
  14  0:24  Drone  
  15  0:34  Drone  
  16  0:39  Drone  
  17  0:47  Drone  
  18  1:02  Hatchery  
  17  1:08  Drone  
  17  1:09  Extractor  
  17  1:10  Drone  
  18  1:27  Spawning Pool  
  18  1:32  Drone x2  
  19  1:40  Overlord  
  19  1:51  Drone  
  20  2:14  Metabolic Boost, Queen  
  20  2:15  Queen  
  21  2:18  Drone  
  21  2:21  Drone  
  25  2:29  Drone x2  
  27  2:37  Zergling x6  
  27  2:44  Overlord  
  30  2:51  Baneling Nest  
  29  3:06  Drone  
  29  3:07  Drone  
  31  3:14  Drone  
  31  3:15  Drone  
  31  3:17  Queen  
  31  3:19  Overlord  
  34  3:20  Overlord  
  33  3:37  Queen  
  33  3:38  Drone  
  33  3:39  Overlord, Drone  
  37  4:05  Hatchery  
  37  4:06  Zergling x10  
  41  4:14  Drone  
  42  4:18  Evolution Chamber  
  41  4:34  Zergling x18  
  41  4:36  Baneling x2  
  41  4:37  Baneling  
  49  4:45  Zerg Melee Weapons Level 1  
  49  4:46  Zergling x2  
  49  4:47  Drone  
  51  4:56  Baneling x2  
  51  4:57  Baneling  
  51  4:58  Baneling  
  51  4:59  Zergling x6  
  52  5:19  Baneling x2  
  52  5:23  Zergling x4  
  52  5:40  Drone x2  
  54  5:50  Drone  
  54  5:51  Zergling x4, Drone x2  
  58  6:00  Baneling  
  58  6:01  Overlord  
  57  6:05  Extractor  
  56  6:19  Zergling x4  
  56  6:20  Overlord x5  
  58  6:28  Lair  
  58  6:31  Overlord  
  58  6:33  Drone x2  
  58  6:34  Drone  
  58  6:35  Drone x2  
  58  6:37  Evolution Chamber  
  61  6:52  Baneling x4  
  47  7:19  Zergling x28  
  60  7:22  Spore Crawler  
  60  7:23  Spine Crawler  
  60  7:25  Spine Crawler, Spore Crawler  
  60  7:28  Baneling x4  
  56  7:31  Zerg Ground Armor Level 1  
  56  7:32  Zergling x6  
  59  7:48  Queen  
  59  7:49  Drone x2  
  63  7:53  Hatchery  
  62  8:10  Hatchery  
  62  8:12  Drone x3, Extractor  
  63  8:13  Drone x2  
  48  8:24  Zergling x10  
  48  8:25  Zergling x4  
  55  8:35  Centrifical Hooks  
  55  8:37  Zergling x12  
  57  8:42  Zergling x4  
  50  9:04  Queen  
  50  9:06  Drone  
  53  9:11  Zergling x12  
  59  9:17  Spire  
  59  9:21  Zergling x2  
  59  9:22  Baneling  
  59  9:23  Baneling x3  
  59  9:26  Baneling x7  
  59  9:28  Zergling x8  
  49  9:50  Drone  
  47  9:52  Extractor  
  47  9:57  Drone x2  
  48  10:01  Baneling x2  
  47  10:07  Zergling x26  
  60  10:19  Baneling x3  
  60  10:20  Zergling x8  
  64  10:24  Baneling  
  64  10:26  Baneling x2  
  64  10:34  Baneling  
  64  10:35  Baneling x16  
  42  11:08  Drone x3  
  42  11:09  Mutalisk x4  
  51  11:13  Mutalisk  
  50  11:20  Zergling x6  
  50  11:23  Zergling x6  
  56  11:27  Drone  
  56  11:31  Overlord  
  57  11:37  Overlord  
  57  11:38  Overlord  
  57  11:40  Drone  
  58  11:47  Overlord  
  58  11:49  Mutalisk  
  58  11:50  Mutalisk x3  
  66  12:23  Mutalisk x3  
  66  12:29  Zergling x12  
  77  12:49  Mutalisk x2  
  77  12:51  Zergling x8  
  77  12:57  Zergling x10  
  54  13:07  Mutalisk x2  
  53  13:18  Zergling x4  
  46  13:22  Mutalisk  
  46  13:23  Mutalisk  
  36  13:28  Zergling x2  
  33  13:37  Mutalisk  
  33  13:38  Mutalisk  
  36  13:51  Zergling x8  
  36  14:14  Overlord  
Show
View Real Time Build Order
Export as new Build Order

Ballsavage Terran 

Build Orders: Reaper Expand 

Get SALT Encoding   

  12  0:01  SCV  
  13  0:13  SCV  
  14  0:18  Supply Depot  
  14  0:25  SCV  
  15  0:40  SCV  
  15  0:41  Barracks  
  16  0:47  Refinery  
  16  0:52  SCV  
  17  1:04  SCV  
  19  1:18  SCV  
  19  1:30  Reaper  
  19  1:31  Orbital Command  
  20  1:42  Command Center  
  20  1:48  Refinery  
  20  1:57  SCV  
  21  2:03  Barracks Reactor  
  21  2:06  Supply Depot  
  21  2:10  SCV  
  22  2:22  Barracks  
  22  2:25  Factory  
  22  2:29  SCV  
  23  2:41  Marine x2  
  23  2:42  SCV  
  26  2:46  Supply Depot  
  26  2:55  SCV  
  26  2:56  Orbital Command  
  27  3:00  Marine  
  28  3:25  SCV  
  28  3:26  SCV  
  30  3:36  Starport, Factory Reactor  
  30  3:37  Barracks Tech Lab, SCV  
  30  3:38  Marine x2  
  30  3:39  SCV  
  34  3:49  SCV  
  34  3:54  SCV  
  36  3:56  Marine  
  36  3:57  Stimpack, Marine x2  
  36  4:01  SCV  
  40  4:07  SCV  
  41  4:13  SCV  
  42  4:17  Marine x3  
  42  4:19  Factory Tech Lab  
  42  4:20  Medivac  
  42  4:21  Medivac  
  48  4:25  SCV x2  
  50  4:33  Supply Depot  
  50  4:35  Marine, Refinery, Supply Depot  
  50  4:37  Marine x2  
  50  4:38  SCV  
  54  4:48  Engineering Bay  
  54  4:54  Medivac, Marine x2  
  54  4:55  Marine, Siege Tank  
  62  5:04  SCV x2  
  64  5:12  Marine x3  
  64  5:13  Engineering Bay  
  64  5:14  Barracks  
  67  5:16  Barracks, SCV  
  67  5:36  SCV x2  
  67  5:37  Supply Depot  
  69  6:01  SCV x2  
  71  6:04  Refinery  
  71  6:06  Barracks Reactor x2  
  71  6:07  Marine x3, Command Center  
  71  6:09  Siege Tank  
  77  6:12  Terran Infantry Weapons Level 1  
  77  6:15  Supply Depot  
  77  6:16  Terran Infantry Armor Level 1  
  77  6:18  SCV  
  78  6:19  Liberator  
  78  6:22  Supply Depot  
  78  6:23  Supply Depot  
  78  6:36  Marine x3, SCV x2  
  86  6:43  Medivac  
  87  6:48  SCV  
  87  6:49  Marine x2  
  87  6:50  Marine x2  
  87  6:54  Marine x2  
  89  7:06  Marine  
  89  7:07  Marine x3  
  91  7:10  Supply Depot  
  91  7:11  Marine  
  91  7:12  Marauder, Marine, Siege Tank  
  97  7:17  Liberator x2  
  97  7:20  SCV x2  
  97  7:21  Orbital Command  
  98  7:24  Barracks, Marine  
  98  7:25  Marine  
  100  7:31  Marine x4  
  100  7:32  SCV  
  100  7:34  Marauder  
  100  7:36  SCV  
  114  7:41  Marine  
  115  7:44  Armory  
  115  7:54  Marine x5, Siege Tank  
  115  7:55  Marauder  
  125  7:59  Supply Depot  
  125  8:03  Refinery, Supply Depot  
  125  8:05  Marine  
  126  8:06  Orbital Command  
  126  8:07  Refinery  
  126  8:12  Marine x3  
  129  8:16  Marauder  
  128  8:30  Marine x5  
  128  8:31  Marine x2  
  135  8:38  Marauder  
  137  8:43  Liberator  
  137  8:44  Liberator  
  137  8:48  Marine  
  128  8:59  Marauder, Marine x5  
  128  9:00  Siege Tank  
  144  9:06  Supply Depot x2  
  144  9:08  Supply Depot  
  143  9:20  Marauder  
  145  9:27  Marine x7  
  152  9:39  SCV x3  
  152  9:42  Marauder  
  128  9:57  Marine x5  
  128  9:58  Marine  
  129  10:01  Barracks Reactor  
  129  10:03  Marauder  
  129  10:05  Terran Infantry Weapons Level 2, Terran Vehicle Weapons Level 1  
  127  10:08  Terran Infantry Armor Level 2  
  125  10:15  Marine x4  
  129  10:25  Marauder  
  124  10:30  Marine x2  
  124  10:33  Marine x4  
  114  10:40  Marine x2  
  114  10:43  Liberator  
  114  10:46  Marauder  
  114  10:47  Marine  
  114  10:48  Marine  
  118  10:55  Marine x3  
  118  10:56  Marine  
  111  10:58  Marine x2  
  111  10:59  Siege Tank  
  111  11:00  Medivac  
  113  11:06  Factory  
  113  11:07  Marauder  
  113  11:08  Factory  
  113  11:09  Supply Depot  
  115  11:13  Liberator  
  115  11:17  Marine x6  
  115  11:18  Marine x2  
  117  11:26  Liberator  
  117  11:29  Marauder  
  117  11:32  Supply Depot  
  122  11:35  Marine x2, SCV x3  
  127  11:42  Marine x4  
  127  11:43  Marine x2  
  127  11:45  Siege Tank  
  139  11:47  Missile Turret, SCV  
  139  11:50  Marauder, Missile Turret  
  139  11:52  Missile Turret  
  139  11:53  Marine  
  139  11:54  Missile Turret  
  143  11:56  Liberator  
  143  11:59  Factory Tech Lab x2  
  143  12:03  Missile Turret  
  143  12:04  Missile Turret  
  143  12:07  Missile Turret x2  
  143  12:09  Missile Turret  
  143  12:11  Marauder  
  135  12:36  Marine x4  
  135  12:37  Marine x4  
  139  12:38  Marauder, Siege Tank x3  
  152  12:46  Liberator  
  152  12:47  Liberator  
  148  12:54  Marine  
  146  13:01  Marine x7  
  146  13:02  Marine  
  160  13:10  Siege Tank  
  160  13:12  Marine  
  164  13:19  Marine  
  165  13:20  Marauder  
  165  13:22  Command Center  
  167  13:33  Marine x4  
  167  13:34  Marine x3, Missile Turret  
  172  13:36  Marine, Thor  
  172  13:41  Marine  
  180  14:00  Marine x5  
  180  14:01  Marine x3  
Show
View Real Time Build Order
Export as new Build Order

LarryBirdJr Zerg 

Build Orders: Hatch First, Zergling Baneling 

Get SALT Encoding   

  12  0:02  Drone  
  13  0:15  Drone  
  13  0:20  Overlord, Extractor  
  13  0:25  Drone  
  15  0:39  Drone x2  
  17  0:49  Drone  
  18  1:03  Extractor  
  17  1:04  Hatchery  
  16  1:17  Spawning Pool  
  15  1:21  Drone x2  
  15  1:23  Drone  
  18  1:35  Drone  
  19  1:42  Overlord  
  19  1:53  Drone  
  20  2:04  Zergling x2  
  20  2:05  Queen  
  20  2:08  Metabolic Boost  
  23  2:16  Drone  
  23  2:18  Queen, Drone  
  27  2:29  Zergling x2  
  28  2:30  Zergling x2  
  29  2:42  Drone  
  30  2:49  Baneling Nest, Zergling x6  
  32  3:01  Zergling x4  
  34  3:13  Zergling x2  
  34  3:14  Zergling x2  
  34  3:19  Overlord x2  
  36  3:28  Overlord  
  36  3:33  Zergling x2, Extractor  
  36  3:38  Zergling x2  
  36  3:39  Zergling x8  
  42  3:46  Zergling x2  
  43  3:51  Zergling x8  
  47  4:01  Zergling x2  
  48  4:09  Zergling x4  
  50  4:16  Zergling x4  
  52  4:25  Zergling x6  
  52  4:29  Overlord, Hatchery  
  54  4:38  Baneling x5  
  54  4:39  Baneling  
  54  4:40  Baneling  
  54  4:41  Baneling  
  54  4:43  Baneling  
  54  4:45  Baneling  
  40  5:05  Zergling x6  
  40  5:06  Zergling x8  
  40  5:17  Zergling x6  
  38  5:21  Drone  
  39  5:30  Drone  
  37  5:53  Drone x2  
  32  6:00  Drone x6  
  32  6:01  Drone x3  
  38  6:04  Extractor  
  38  6:07  Drone x2, Extractor  
  38  6:10  Queen  
  40  6:14  Drone  
  40  6:15  Drone  
  42  6:20  Zergling x6  
  45  6:28  Zergling x8  
  45  6:30  Zergling x2  
  50  6:38  Zergling x6  
  50  6:51  Zergling x2  
  50  6:52  Zergling x16  
  49  6:57  Zergling x4  
  35  7:33  Drone  
  35  7:34  Drone x3  
  35  7:36  Drone  
  40  7:39  Drone  
  40  7:40  Drone  
  42  7:54  Drone x3  
  42  7:55  Drone x2  
  42  7:56  Baneling  
  47  8:00  Baneling  
  47  8:02  Baneling  
  47  8:04  Baneling  
  39  8:21  Spawning Pool  
  35  8:48  Drone x3  
  30  8:49  Drone x4  
  30  8:50  Drone x2  
  36  8:59  Drone  
  37  9:05  Drone  
  37  9:08  Zergling x2  
  39  9:11  Queen  
  39  9:12  Queen  
  39  9:13  Queen  
  39  9:16  Zergling x6  
  48  9:23  Zergling x6  
  51  9:34  Drone x2  
  51  9:35  Drone  
  54  9:43  Zergling x2  
  54  9:44  Zergling x4  
  55  9:53  Zergling x2  
  54  10:01  Zergling x2  
  54  10:02  Zergling x2  
  54  10:09  Zergling x2  
  54  10:10  Zergling x4  
  56  10:23  Roach Warren  
  56  10:24  Drone, Hatchery  
  56  10:25  Evolution Chamber, Zergling x4  
  53  10:39  Zergling x2  
  53  10:40  Zergling x8  
  57  10:46  Zergling x4  
  57  10:48  Overlord x3  
  57  10:49  Overlord  
  58  10:56  Zergling x2  
  57  10:57  Overlord x2  
  54  11:12  Lair  
  54  11:15  Zerg Ground Armor Level 1  
  54  11:17  Drone x2  
  54  11:18  Drone x3  
  59  11:22  Drone x3, Extractor  
  59  11:24  Drone x3  
  63  11:29  Roach  
  63  11:30  Roach x5  
  75  11:45  Spore Crawler x2  
  73  11:49  Spore Crawler  
  73  11:50  Spore Crawler  
  71  11:57  Spore Crawler  
  71  11:58  Spore Crawler  
  69  12:02  Roach, Spore Crawler x2  
  69  12:03  Roach x10  
  89  12:13  Spore Crawler  
  86  12:18  Spore Crawler  
  86  12:21  Roach x5  
  92  12:40  Roach  
  92  12:41  Roach x6  
  106  12:51  Overlord x3  
  100  13:24  Overlord x6  
  100  13:25  Overlord x3  
  94  13:59  Spore Crawler  
  90  14:10  Zergling x2  
  90  14:11  Zergling x28  
Tags
 
Add a new tag
Caveats
  • Supply blocks, unpowered buildings, or Contaminate may cause inaccurate times.
  • Supply counts are checked every 10 seconds.